 Dungeon Crawl Stone Soup version 0.23.0 (webtiles) character file.

Game seed: 8590530630210967913

1531061 Flugkiller the Pyromancer (level 27, 246/246 HPs)
             Began as a Red Draconian Ice Elementalist on Feb 15, 2019.
             Was the Champion of Sif Muna.
             Escaped with the Orb
             ... and 3 runes!
             The game lasted 03:23:43 (88494 turns).

Flugkiller the Pyromancer (DrIE)                   Turns: 88494, Time: 03:23:44

Health: 246/246    AC: 29    Str: 10    XL:     27
Magic:  37/47      EV: 15    Int: 40    God:    Sif Muna [******]
Gold:   918        SH: 17    Dex:  6    Spells: 8/66 levels left

rFire    + + +     SeeInvis +   X - staff of fire
rCold    + + +     Gourm    .   e - +5 shield {AC+3}
rNeg     + . .     Faith    .   (armour unavailable)
rPois    +         Spirit   +   h - +2 hat of the Bear Spirit {Spirit, +Rage rN+ MR++}
rElec    .         Reflect  .   p - +2 cloak {+Inv}
rCorr    .         Harm     .   t - +1 pair of gloves of Egimig {Int+5 Dex+2}
MR       +++++                  H - +2 pair of boots of Efeah {+Inv rC++ Dex-4 SInv}
Stlth    +.........             C - amulet "Janwal" {RegenMP rPois MR+ Dex-2}
HPRegen  0.51/turn              F - ring of Renisa {MR+ AC+3 Int+4}
MPRegen  0.55/turn              u - ring of Diveq {rPois rF++ MR- Int+4}

@: divine energy
A: breathe fire, unfitting armour, horns 2, clumsy 1, cold resistance 1, dopey
1, fire resistance 1, cold-blooded, AC +13
0: Orb of Zot
}: 3/15 runes: serpentine, barnacled, slimy
a: Breathe Fire, Stop Divine Energy, Channel Magic, Forget Spell, Renounce
Religion, Evoke Berserk Rage, Evoke Invisibility


You escaped.
You worshipped Sif Muna.
Sif Muna was exalted by your worship.
You were not hungry.

You visited 11 branches of the dungeon, and saw 54 of its levels.
You visited 2 bazaars.
You also visited: Trove, Ossuary, Bailey, Gauntlet and Wizlab.

You collected 6960 gold pieces.
You spent 6042 gold pieces at shops.

Inventory:

Missiles
 K - 2 throwing nets (quivered)
Armour
 e - a +5 shield of protection (worn)
   (You bought it in a shop on level 1 of the Vaults)
 h - the +2 hat of the Bear Spirit (worn) {Spirit, +Rage rN+ MR++}
   (You bought it in a shop in a bazaar)

   It protects you from negative energy.
   It affects your resistance to hostile enchantments.
   It lets you go berserk.
 p - a +2 cloak of invisibility (worn)
   (You acquired it on level 5 of the Lair of Beasts)
 t - the +1 pair of gloves of Egimig (worn) {Int+5 Dex+2}
   (You found it on level 2 of the Shoals)

   It affects your intelligence (+5).
   It affects your dexterity (+2).
 H - the +2 pair of boots of Efeah (worn) {+Inv rC++ Dex-4 SInv}
   (You found it on level 3 of the Elven Halls)

   It affects your dexterity (-4).
   It greatly protects you from cold.
   It lets you see invisible.
   It lets you turn invisible.
Magical Staves
 U - an uncursed staff of power
   (You found it on level 11 of the Dungeon)
 X - an uncursed staff of fire (weapon)
   (You found it on level 3 of the Elven Halls)
Jewellery
 m - the ring of Niucug {rCorr -Tele rC+ MR+ Int+3}
   (You bought it in a shop on level 3 of the Snake Pit)

   [ring of resist corrosion]

   It affects your intelligence (+3).
   It protects you from cold.
   It affects your resistance to hostile enchantments.
   It prevents most forms of teleportation.
 u - the ring of Diveq (right hand) {rPois rF++ MR- Int+4}
   (You found it on level 4 of the Depths)

   [ring of poison resistance]

   It affects your intelligence (+4).
   It greatly protects you from fire.
   It protects you from poison.
   It affects your resistance to hostile enchantments.
 C - the amulet "Janwal" (around neck) {RegenMP rPois MR+ Dex-2}
   (You bought it in a shop on level 3 of the Snake Pit)

   [amulet of magic regeneration]

   It increases your magic regeneration.
   It affects your dexterity (-2).
   It protects you from poison.
   It affects your resistance to hostile enchantments.
 F - the ring of Renisa (left hand) {MR+ AC+3 Int+4}
   (You found it in a wizard's laboratory)

   [ring of protection]

   It affects your AC (+3).
   It affects your intelligence (+4).
   It affects your resistance to hostile enchantments.
 S - an uncursed ring of see invisible
   (You found it on level 3 of the Elven Halls)
 W - the amulet "Wiunutti" {Spirit rF+++}
   (You found it in a wizard's laboratory)

   [amulet of guardian spirit]

   It causes incoming damage to be split between your health and magic.
   It renders you almost immune to fire.
 Z - the ring "Soothruo" {rElec rN+ Dex+2}
   (You found it in a wizard's laboratory)

   [ring of positive energy]

   It affects your dexterity (+2).
   It insulates you from electricity.
   It protects you from negative energy.
Wands
 q - a wand of enslavement (38)
   (You found it in a treasure trove)
 z - a wand of clouds (4)
   (You found it in a treasure trove)
 I - a wand of scattershot (27)
   (You found it in a treasure trove)
 L - a wand of acid (21)
   (You took it off a centaur on level 8 of the Dungeon)
 M - a wand of digging (9)
   (You found it on level 3 of the Shoals)
 N - a wand of disintegration (41)
   (You found it on level 2 of the Vaults)
 R - a wand of iceblast (43)
   (You found it on level 2 of the Lair of Beasts)
 Y - a wand of paralysis (46)
   (You found it on level 8 of the Dungeon)
Scrolls
 c - 13 scrolls of teleportation
 f - 2 scrolls of fear
 l - 27 scrolls of remove curse
 s - 6 scrolls of identify
 w - 12 scrolls of amnesia
 y - 3 scrolls of blinking
 A - 9 scrolls of magic mapping
 D - 6 scrolls of vulnerability
 E - 2 scrolls of holy word
 J - 2 scrolls of fog
 V - 2 scrolls of summoning
Potions
 a - 5 potions of haste
 d - 16 potions of brilliance
 g - 9 potions of flight
 i - 11 potions of lignification
 j - 10 potions of curing
 k - 11 potions of heal wounds
 n - 7 potions of might
 o - 3 potions of cancellation
 r - a potion of resistance
 v - 10 potions of mutation
 x - 5 potions of invisibility
 B - 9 potions of agility
 G - 5 potions of magic
 P - 6 potions of ambrosia
Miscellaneous
 O - a phantom mirror
 Q - a lamp of fire
   (You found it in a wizard's laboratory)
Comestibles
 b - 37 rations


   Skills:
 - Level 20.0 Fighting
 - Level 13.0 Dodging
 - Level 1.7 Stealth
 - Level 15.0 Shields
 - Level 20.0 Spellcasting
 - Level 22.0 Conjurations
 - Level 6.0 Charms
 - Level 2.0 Translocations
 + Level 25.8 Fire Magic
 - Level 6.0 Ice Magic
 - Level 6.0 Air Magic
 - Level 8.0 Invocations
 - Level 12.3 Evocations


You had 8 spell levels left.
You knew the following spells:

 Your Spells              Type           Power        Failure   Level  Hunger
a - Freeze                Ice            ####         1%          1    None
b - Throw Frost           Conj/Ice       ######       0%          2    None
c - Ozocubu's Armour      Chrm/Ice       ######..     1%          3    None
d - Throw Icicle          Conj/Ice       ########     1%          4    None
e - Fireball              Conj/Fire      ########..   0%          5    None
f - Bolt of Fire          Conj/Fire      ########..   0%          6    None
g - Orb of Destruction    Conj           ########..   1%          7    None
h - Summon Ice Beast      Ice/Summ       ######..     1%          4    None
i - Ignition              Fire           #########.   1%          8    ##.....
j - Deflect Missiles      Chrm/Air       ######....   9%          6    None
k - Fire Storm            Conj/Fire      ########..   3%          9    ####...
q - Apportation           Tloc           ######       1%          1    None
r - Blink                 Tloc           N/A          1%          2    None

Your spell library contained the following spells:

 Spells                   Type           Power        Failure   Level  Hunger
 Flame Tongue             Conj/Fire      #####        0%          1    None
 Magic Dart               Conj           ####         0%          1    None
 Shock                    Conj/Air       ####         0%          1    None
 Sting                    Conj/Pois      ####         0%          1    None
 Searing Ray              Conj           ######       0%          2    None
 Throw Flame              Conj/Fire      ######       0%          2    None
 Conjure Flame            Conj/Fire      ########     0%          3    None
 Inner Flame              Hex/Fire       ########     0%          3    None
 Static Discharge         Conj/Air       ########     0%          3    None
 Iskenderun's Mystic Bla  Conj           ########     0%          4    None
 Sticky Flame             Conj/Fire      ########     0%          4    None
 Animate Skeleton         Necr           N/A          1%          1    None
 Beastly Appendage        Tmut           #####.       1%          1    None
 Confusing Touch          Hex            #####.       1%          1    None
 Corona                   Hex            #####..      1%          1    None
 Infusion                 Chrm           ####         1%          1    None
 Pain                     Necr           ####         1%          1    None
 Sandblast                Erth           #####.       1%          1    None
 Summon Butterflies       Summ           #####...     1%          1    None
 Summon Small Mammal      Summ           ####         1%          1    None
 Call Imp                 Summ           #####...     1%          2    None
 Corpse Rot               Necr           N/A          1%          2    None
 Ensorcelled Hibernation  Hex/Ice        ######       1%          2    None
 Passwall                 Tmut/Erth      #####...     1%          2    None
 Poisonous Vapours        Pois/Air       ######       1%          2    None
 Shroud of Golubria       Chrm/Tloc      ######....   1%          2    None
 Slow                     Hex            #####...     1%          2    None
 Song of Slaying          Chrm           ######..     1%          2    None
 Sticks to Snakes         Tmut           #####...     1%          2    None
 Sublimation of Blood     Necr           #####.....   1%          2    None
 Swiftness                Chrm/Air       ######..     1%          2    None
 Call Canine Familiar     Summ           #####...     1%          3    None
 Confuse                  Hex            #####...     1%          3    None
 Dazzling Spray           Conj/Hex       ######       1%          3    None
 Gell's Gravitas          Tloc           ######....   1%          3    None
 Ignite Poison            Fire/Tmut/Pois ########     1%          3    None
 Lesser Beckoning         Tloc           ######....   1%          3    None
 Mephitic Cloud           Conj/Pois/Air  #######.     1%          3    None
 Portal Projectile        Hex/Tloc       #####.       1%          3    None
 Recall                   Summ/Tloc      N/A          1%          3    None
 Regeneration             Chrm/Necr      ######....   1%          3    None
 Spectral Weapon          Hex/Chrm       ######..     1%          3    None
 Spider Form              Tmut/Pois      #####.....   1%          3    None
 Stone Arrow              Conj/Erth      ######       1%          3    None
 Summon Guardian Golem    Hex/Summ       #####...     1%          3    None
 Teleport Other           Tloc           ######..     1%          3    None
 Tukima's Dance           Hex            #####...     1%          3    None
 Vampiric Draining        Necr           #####.....   1%          3    None
 Airstrike                Air            ######....   1%          4    None
 Force Lance              Conj/Tloc      #######.     1%          4    None
 Fulminant Prism          Conj/Hex       #######...   1%          4    None
 Ice Form                 Ice/Tmut       ######..     1%          4    None
 Summon Lightning Spire   Summ/Air       ######..     1%          4    None
 Bolt of Draining         Conj/Necr      #######...   1%          5    None
 Bolt of Magma            Conj/Fire/Erth ########..   1%          5    None
 Irradiate                Conj/Tmut      #######...   1%          5    None
 Iskenderun's Battlesphe  Conj/Chrm      ########     1%          5    None
 Lightning Bolt           Conj/Air       ########..   1%          5    None
 Venom Bolt               Conj/Pois      #######...   1%          5    None
 Bolt of Cold             Conj/Ice       ########..   1%          6    None
 Conjure Ball Lightning   Conj/Air       ########..   1%          6    None
 Freezing Cloud           Conj/Ice/Air   #######...   1%          6    None
 Iron Shot                Conj/Erth      #######...   1%          6    None
 Poison Arrow             Conj/Pois      #######...   1%          6    None
 Ring of Flames           Chrm/Fire      ########..   1%          7    None
 Excruciating Wounds      Chrm/Necr      ######....   4%          5    None
 Metabolic Englaciation   Hex/Ice        ######....   4%          5    None
 Silence                  Hex/Air        ######....   4%          5    None
 Animate Dead             Necr           N/A          6%          4    None
 Cause Fear               Hex            #####.....   6%          4    None
 Leda's Liquefaction      Hex/Erth       #####.....   6%          4    None
 Olgreb's Toxic Radiance  Pois           #####...     6%          4    None
 Petrify                  Tmut/Erth      #####...     6%          4    None
 Spellforged Servitor     Conj/Summ      #######...   6%          7    None
 Ozocubu's Refrigeration  Ice            ######....   9%          6    None
 Summon Forest            Summ/Tloc      #####.....   12%         5    None
 Chain Lightning          Conj/Air       ########..   13%         8    ##.....
 Agony                    Necr           #####...     17%         5    None
 Alistair's Intoxication  Tmut/Pois      #####...     17%         5    None
 Aura of Abjuration       Summ           #####.....   17%         5    None
 Blade Hands              Tmut           #####.....   17%         5    None
 Borgnjor's Vile Clutch   Necr/Erth      #####.....   17%         5    None
 Dispel Undead            Necr           #####...     17%         5    None
 Lee's Rapid Deconstruct  Erth           #####.....   17%         5    None
 Summon Demon             Summ           #####.....   17%         5    None
 Summon Mana Viper        Hex/Summ       #####...     17%         5    None
 Yara's Violent Unravell  Hex/Tmut       #####.....   17%         5    None
 Simulacrum               Ice/Necr       ######....   28%         6    None
 Dispersal                Tloc           ######....   38%         6    None
 Lehudib's Crystal Spear  Conj/Erth      #######...   41%         8    ##.....
 Hydra Form               Tmut           #####.....   67%         6    None
 Invisibility             Hex            #####...     67%         6    None
 Shadow Creatures         Summ           N/A          67%         6    None
 Statue Form              Tmut/Erth      #####....    67%         6    None
 Malign Gateway           Summ/Tloc      #####.....   98%         7    None
 Dragon Form              Tmut           #####.....   99%         7    None
 Haunt                    Necr/Summ      #####.....   99%         7    None
 Monstrous Menagerie      Summ           #####.....   99%         7    None
 Summon Greater Demon     Summ           #####.....   99%         7    None
 Summon Hydra             Summ           #####.....   99%         7    None
 Controlled Blink         Tloc           N/A          100%        8    ##.....
 Death's Door             Chrm/Necr      ######....   100%        8    ##.....
 Discord                  Hex            #####.....   100%        8    ##.....
 Disjunction              Tloc           ######....   100%        8    ##.....
 Necromutation            Tmut/Necr      #####.....   100%        8    ##.....
 Summon Horrible Things   Summ           #####.....   100%        8    ##.....
 Glaciate                 Conj/Ice       ########..   90%         9    ####...
 Dragon's Call            Summ           #####.....   100%        9    ####...
 Shatter                  Erth           #####.....   100%        9    ####...
 Tornado                  Air            ######....   100%        9    ####...
 Passage of Golubria      Tloc           Unusable     N/A         4    N/A

Dungeon Overview and Level Annotations

Branches:
Dungeon (15/15)            Temple (1/1) D:5            Lair (6/6) D:9
 Shoals (4/4) Lair:4        Snake (4/4) Lair:4        Slime (5/5) Lair:6
    Orc (2/2) D:11            Elf (3/3) Orc:2        Vaults (4/5) D:13
  Crypt (0/3) Vaults:2     Depths (5/5) D:15            Zot (5/5) Depths:5

Altars:
Ashenzari
Cheibriados
Dithmenos
Elyvilon
Fedhas
Gozag
Hepliaklqana
Kikubaaqudgha
Makhleb
Nemelex Xobeh
Okawaru
Qazlal
Ru
Sif Muna
Trog
Uskayaw
Vehumet
Wu Jian
Xom
Yredelemnul
Zin
The Shining One
Jiyva

Shops:
D:5 [   D:6 !   Orc:2 (:!*   Shoals:2 *   Snake:2 *   Snake:3 }=}
Vaults:1 %[%!   Vaults:2 **   Depths:2 ?[!%

Portals:
Hell: Depths:1 Depths:2 Depths:3 Depths:4 Depths:5
Abyss: Depths:4
Pandemonium: Orc:2 Depths:2 Depths:3 Depths:4 Depths:5
Ziggurat: Depths:3

Annotations:
Lair:2 exclusion: oklob plant
Shoals:2 exclusion: Roxanne, Roxanne
Elf:2 3 runed translucent doors
Depths:1 3 runed translucent doors, Foiny's ghost, adept TrMo
Zot:5 28 runed doors


Innate Abilities, Weirdness & Mutations

You can breathe blasts of fire.
Your fiery red scales are hard. (AC +13)
You cannot fit into any form of body armour.
Your flesh is heat resistant. (rF+)
You are cold-blooded and may be slowed by cold attacks.
You have a pair of horns on your head.
You are clumsy. (Dex -2)
Your flesh is cold resistant. (rC+)
You are dopey. (Int -2)


Message History

You blow up the Orb Guardian!
Sif Muna accepts your kill.
You see here a cursed -1 spear.
An Orb Guardian comes into view.
Things that are here:
a +0 hand axe; a cursed +0 robe
There is a stone staircase leading up here.
You climb upwards.
There is a stone staircase leading down here.
(D) Dungeon (T) Temple (L) Lair (A) Shoals (P) Snake Pit (M) Slime Pits (O) Orcish Mines (E) Elven Halls (V) Vaults (C) Crypt (U) Depths (H) Hell (Z) Zot
Where to? (Enter - D:1 @ (x,y), ? - help)
There is a stone staircase leading up here.
You climb upwards.
There is a stone staircase leading down here.
HP restored.
Magic restored.
There is a stone staircase leading up here.
You climb upwards.
There is a stone staircase leading down here.
A red devil comes into view. It is wielding a +0 trident.
Unknown command.
Unknown command.
The red devil moves out of view.
(D) Dungeon (T) Temple (L) Lair (A) Shoals (P) Snake Pit (M) Slime Pits (O) Orcish Mines (E) Elven Halls (V) Vaults (C) Crypt (U) Depths (H) Hell (Z) Zot
Where to? (Enter - D:1 @ (x,y), ? - help)
An Orb Guardian comes into view.
Casting: Orb of Destruction (safe; 1% risk of failure)
Confirm with . or Enter, or press ? or * to list all spells.
Aiming: Orb of Destruction (safe; 1% risk of failure)
Press: ? - help, Shift-Dir - straight line, f - Orb Guardian
Aim: an Orb Guardian The orb of destruction hits the Orb Guardian!!!
The Orb Guardian is severely wounded.
Casting: Orb of Destruction (safe; 1% risk of failure)
Confirm with . or Enter, or press ? or * to list all spells.
Aiming: Orb of Destruction (safe; 1% risk of failure)
Press: ? - help, Shift-Dir - straight line, f/p - Orb Guardian
Aim: an Orb Guardian (magical condensation, severely wounded)
The wavering orb of destruction hits the Orb Guardian!!!
You blow up the Orb Guardian!
Sif Muna accepts your kill.
There is a staircase leading out of the dungeon here.
Enter note: gg You have escaped!

....>..........................##
......#..#.####.#.#######........
###...............##### #......##
......##.#............###.#....#
###...##.#.............##.#..###
.............≈≈≈≈≈≈≈....#.##.####
###.........≈≈.....≈≈............
....#####..≈≈.......≈≈..#.###.###
#....# #.≈≈..8.@....≈≈...# #.##.
#..4.####.≈..♣.....8..≈...# #.##.
#...(..#..≈...........≈.#.###..#.
#....#....≈≈.♣.......≈≈.#......#.
#....#.##..≈≈..8..♣.≈≈..#####....
#....#.###..≈≈♣....≈≈...#####..##
#....#.####..≈≈≈.≈≈≈........#..#.
#.............)................#.
#.####...............#.####.#..#.


There were no monsters in sight!

Vanquished Creatures
  the Royal Jelly (Slime:5)
  3 ancient liches
  6 orbs of fire (Zot:5)
  Mennas (Depths:5)
  A juggernaut (Depths:3)
  Boris (thrice) (Vaults:3 Depths:1 Depths:4)
  Margery (Vaults:3)
  2 Killer Klowns (Zot:5)
  Frederick (Vaults:3)
  A caustic shrike (Depths:1)
  2 curse toes
  4 golden dragons
  Nikola (Snake:2)
  Jory (Vaults:3)
  7 liches
  3 electric golems
  13 tentacled monstrosities
  An Ice Fiend (D:14)
  A moon troll (WizLab)
  30 Orb Guardians
  The ghost of Akuuror the Warrior, an adept GrFi of Okawaru (Snake:1)
  A deep elf blademaster (Elf:3)
  A deep elf master archer (Elf:3)
  A titan (Depths:4)
  3 quicksilver dragons
  Polyphemus (Shoals:4)
  23 acid blobs
  5 shadow dragons
  4 sphinxes
  9 tentacled starspawn (WizLab)
  5 death cobs
  6 storm dragons
  5 tengu reavers
  3 draconian monks
  15 nagarajas
  An azure jelly (shapeshifter) (Depths:5)
  13 fire giants
  12 frost giants
  2 iron dragons
  Ilsuiw (Shoals:2)
  6 draconian knights
  An orc warlord (Orc:1)
  10 vault wardens
  9 azure jellies
  3 ghost moths
  4 draconian scorchers
  9 deep elf sorcerers
  2 cacodemons (WizLab)
  2 draconian shifters
  2 deep elf elementalists (Elf:3)
  5 draconian annihilators
  A reaper (D:6)
  8 ironheart preservers
  2 vampire knights
  A war gargoyle (WizLab)
  28 stone giants
  19 very ugly things
  10 deep elf annihilators
  Nessos (D:13)
  7 deep elf demonologists
  6 white draconians
  Azrael (D:12)
  5 black draconians
  9 green draconians
  7 yellow draconians
  5 red draconians
  3 purple draconians
  3 spark wasps (Depths:5)
  7 merfolk javelineers
  7 deep elf death magi
  2 crystal guardians (WizLab)
  9 ettins
  12 death oozes (Slime:5)
  6 merfolk impalers
  16 yaktaur captains
  12 fire dragons
  4 deep elf high priests (Elf:3)
  5 hydras
  17 ice dragons
  14 great orbs of eyes
  6 anacondas
  13 vault guards
  19 naga warriors
  A catoblepas (Shoals:4)
  9 spriggan air magi
  4 merfolk avatars
  A rakshasa (Depths:1)
  An alligator snapping turtle (Shoals:3)
  3 death knights
  5 merfolk aquamancers
  30 two-headed ogres
  3 death yaks
  9 centaur warriors
  13 dancing weapons
  3 tengu warriors
  8 ogre magi
  10 deep troll shamans
  10 deep troll earth magi
  A queen ant (Lair:3)
  2 satyrs
  2 vampire magi (Depths:4)
  6 spriggan berserkers
  7 naga sharpshooters
  2 soul eaters (Orc:2)
  11 hell knights
  6 shock serpents
  7 orc high priests
  15 deep elf knights
  A fire crab (shapeshifter) (Vaults:2)
  5 salamander mystics
  2 shadow wraiths
  30 deep trolls
  8 wizards
  An unseen horror (D:15)
  An unseen horror (shapeshifter) (Vaults:2)
  4 skeletal warriors (Vaults:1)
  An orange crystal statue (WizLab)
  A death drake (shapeshifter) (Depths:1)
  2 gelid demonspawn
  10 glowing orange brains
  4 iron trolls
  16 sea snakes
  2 flayed ghosts
  An obsidian statue (Zot:5)
  11 ironbrand convokers
  A torturous demonspawn (Orc:2)
  9 necromancers
  A phantasmal warrior (Vaults:1)
  19 orc knights
  A lindwurm (shapeshifter) (Depths:4)
  A kraken simulacrum (Shoals:4)
  7 naga ritualists
  A wolf spider zombie (D:15)
  A swamp dragon (shapeshifter) (Vaults:1)
  14 deep elf archers
  36 harpies
  59 deep elf magi
  An orb spider (shapeshifter) (Vaults:2)
  10 mana vipers
  A faun (shapeshifter) (Depths:5)
  A mana viper (shapeshifter) (Vaults:3)
  8 shining eyes
  7 orc sorcerers
  5 wolf spiders
  A sphinx zombie (Vaults:1)
  A cyclops (shapeshifter) (D:15)
  A frost giant zombie (Vaults:1)
  8 manticores
  32 ugly things
  22 fauns
  20 salamanders
  A salamander (shapeshifter) (Vaults:2)
  6 cyclopes
  A stone giant zombie (Vaults:2)
  15 moths of wrath
  An iron dragon skeleton (Depths:1)
  9 elephants
  A rust devil (Depths:4)
  21 guardian serpents
  17 merfolk sirens
  31 black mambas
  5 water nymphs
  A torpor snail (Lair:6)
  30 naga magi
  7 eyes of devastation
  A guardian serpent (shapeshifter) (Elf:2)
  An eye of devastation (shapeshifter) (Depths:2)
  11 spiny frogs
  A smoke demon (Orc:2)
  12 vault sentinels
  A fire giant skeleton (Vaults:2)
  6 rime drakes
  2 hellions
  3 kobold demonologists (D:11)
  67 yaktaurs
  A guardian mummy (Vaults:2)
  An efreet (D:15)
  7 komodo dragons
  A tengu conjurer (Depths:1)
  5 freezing wraiths
  A yaktaur skeleton (Vaults:2)
  2 hellwings (Depths:5)
  6 wind drakes
  6 polar bears (Lair:6)
  A polar bear (shapeshifter) (Depths:3)
  A merfolk (shapeshifter) (Vaults:2)
  10 trolls
  39 merfolk
  12 hornets
  2 jumping spiders (shapeshifter)
  Prince Ribbit (D:8)
  135 slime creatures
  A raiju (shapeshifter) (Elf:1)
  6 blink frogs
  A dream sheep (Lair:6)
  A fire dragon zombie (Depths:1)
  16 snapping turtles
  19 hippogriffs
  A fire giant simulacrum (Vaults:2)
  13 spriggans
  4 air elementals
  2 centaur simulacra
  14 starcursed masses (WizLab)
  A deep troll skeleton (Depths:1)
  A shadow (D:13)
  4 wyverns
  9 large abominations
  14 water elementals
  37 yaks
  2 wraiths
  4 neqoxecs
  6 fire elementals
  4 golden eyes (Slime:5)
  7 basilisks
  A hungry ghost (D:12)
  A human (shapeshifter) (Vaults:1)
  A yaktaur simulacrum (Depths:1)
  A golden eye (shapeshifter) (Depths:2)
  2 chaos spawn
  6 wargs
  54 nagas
  7 vampire mosquitoes
  5 soldier ants
  7 hell hounds
  2 acid dragons
  9 water moccasins
  13 porcupines
  2 floating eyes
  A swamp drake (D:11)
  53 orc warriors
  7 ice beasts
  6 black bears
  7 eyes of draining
  4 sky beasts
  4 necrophages
  6 phantoms
  12 centaurs
  35 ogres
  5 boggarts
  15 wolves
  10 crocodiles
  An elf zombie (Elf:3)
  3 big kobolds (D:11)
  18 bullfrogs
  A human skeleton (Vaults:2)
  6 earth elementals
  Blork the orc (D:4)
  7 small abominations (Elf:2)
  2 wyvern zombies
  An ogre simulacrum (Vaults:1)
  5 water moccasin zombies
  2 wyvern skeletons
  6 scorpions
  17 wights
  A tengu zombie (Depths:1)
  3 killer bees (D:8)
  A killer bee (shapeshifter) (Depths:3)
  7 electric eels
  4 howler monkeys
  3 crimson imps
  6 quasits
  4 centaur zombies
  9 hounds
  3 bullfrog skeletons
  34 orc priests
  4 centaur skeletons
  5 iguanas
  4 jellies
  31 orc wizards
  Jessica (D:2)
  23 worker ants
  4 hell rats (Lair:3)
  4 big kobold zombies (Ossuary)
  A hound zombie (D:5)
  3 hound skeletons
  3 mummies
  2 worker ant zombies (D:8)
  19 adders
  12 gnolls
  A howler monkey skeleton (D:9)
  A shadow imp (D:7)
  A white imp (Depths:5)
  2 oozes
  2 adder skeletons
  9 adder zombies (Ossuary)
  4 worms
  3 leopard geckos
  131 orcs
  A ball python (D:4)
  7 giant cockroaches
  8 hobgoblins
  9 jackals
  3 quokkas
  2 bats (D:2)
  6 frilled lizards
  2 gnoll zombies (Ossuary)
  11 goblins
  9 hobgoblin zombies (Ossuary)
  A jackal zombie (D:5)
  29 kobolds
  7 kobold zombies (Ossuary)
  A leopard gecko skeleton (D:9)
  5 orc zombies (Ossuary)
  3 rats
  9 plants
  14 starspawn tentacles (WizLab)
2517 creatures vanquished.

Vanquished Creatures (collateral kills)
  A white draconian (Zot:5)
  2 hydras
  A komodo dragon (Lair:2)
  A blink frog (Lair:2)
  2 yaks
  A water moccasin (Lair:2)
  A crocodile (Lair:3)
  A hell rat (Lair:3)
  A jackal (D:10)
11 creatures vanquished.

Vanquished Creatures (others)
  A fire dragon (Depths:5)
  A deep elf mage (Elf:1)
  A demonic plant (WizLab)
  66 fire vortices
  6 fungi
  9 plants
  9 starspawn tentacles (WizLab)
93 creatures vanquished.

Grand Total: 2621 creatures vanquished

Notes
Turn   | Place    | Note
-------+----------+-------------------------------------------
     0 | D:1      | Flugkiller the Draconian Ice Elementalist began the quest
                  | for the Orb.
     0 | D:1      | Reached XP level 1. HP: 14/14 MP: 3/3
   672 | D:2      | Found a snail-covered altar of Cheibriados.
   845 | D:2      | Found a sacrificial altar of Ru.
   942 | D:2      | Reached skill level 1 in Fighting
   942 | D:2      | Reached XP level 2. HP: 16/23 MP: 0/5
  1117 | D:2      | Learned a level 2 spell: Throw Frost
  1427 | D:2      | Reached XP level 3. HP: 28/28 MP: 0/6
  1878 | D:2      | Noticed Jessica
  1879 | D:2      | Found a blossoming altar of Fedhas.
  1884 | D:2      | Killed Jessica
  1884 | D:2      | Reached XP level 4. HP: 27/36 MP: 5/8
  2493 | D:3      | Found a shattered altar of Ashenzari.
  2655 | D:3      | Reached XP level 5. HP: 24/41 MP: 2/10
  2961 | D:3      | Found a stormy altar of Qazlal.
  3247 | D:3      | Learned a level 3 spell: Ozocubu's Armour
  3706 | D:4      | Found an ornate altar of the Wu Jian Council.
  3748 | D:4      | Reached XP level 6. HP: 48/48 MP: 7/12
  3763 | D:4      | Reached skill level 5 in Ice Magic
  4292 | D:4      | Noticed Blork the orc
  4486 | D:3      | Learned a level 4 spell: Throw Icicle
  4494 | D:4      | Killed Blork the orc
  4982 | D:4      | Your scales start taking on a fiery red colour.
  4982 | D:4      | Reached XP level 7. HP: 55/55 MP: 14/14
  4982 | D:4      | Gained mutation: Your flesh is heat resistant. (rF+) [Red
                  | Draconian growth]
  4998 | D:5      | Entered Level 5 of the Dungeon
  5131 | D:5      | Found an iron altar of Okawaru.
  5228 | D:5      | Reached skill level 5 in Spellcasting
  5277 | D:5      | Found a blossoming altar of Fedhas.
  5319 | D:5      | Found a sand-covered staircase.
  5321 | D:5      | Reached skill level 5 in Ice Magic
  5430 | Ossuary  | Entered an ossuary
  5847 | Ossuary  | Reached XP level 8. HP: 42/61 MP: 16/16
  5977 | Ossuary  | Got a twisted battleaxe
  6130 | D:5      | Found Obihunere's Armour Shop.
  6218 | D:5      | Found a staircase to the Ecumenical Temple.
  6230 | Temple   | Entered the Ecumenical Temple
  6475 | Temple   | Became a worshipper of Sif Muna the Loreminder
  6684 | D:5      | Found a radiant altar of Vehumet.
  6863 | D:5      | Bought a +0 pair of gloves for 49 gold pieces
  6972 | D:6      | Found a white marble altar of Elyvilon.
  7565 | D:6      | Found Biatur's Distillery.
  7567 | D:6      | Reached skill level 5 in Conjurations
  7704 | D:6      | Reached * piety under Sif Muna
  7960 | D:7      | Noticed a hornet
  7964 | D:7      | Killed a hornet
  7964 | D:7      | Reached XP level 9. HP: 54/67 MP: 11/19
  8423 | D:7      | Reached ** piety under Sif Muna
  8465 | D:7      | Found a hide-covered altar of Uskayaw.
  8465 | D:7      | Noticed a +0 hand axe
  8466 | D:7      | Noticed a +0 hand axe
  9437 | D:8      | Reached *** piety under Sif Muna
  9837 | D:8      | Noticed Prince Ribbit
  9841 | D:8      | Killed Prince Ribbit
  9841 | D:8      | Reached XP level 10. HP: 73/73 MP: 10/22
  9935 | D:8      | Found a glowing silver altar of Zin.
 10086 | D:8      | Learned a level 4 spell: Summon Ice Beast
 10100 | D:9      | Found a staircase to the Lair.
 10291 | D:8      | Reached skill level 10 in Conjurations
 10926 | D:9      | Reached **** piety under Sif Muna
 11781 | D:9      | Noticed a two-headed ogre
 11813 | D:9      | Killed a two-headed ogre
 11813 | D:9      | Reached skill level 5 in Fighting
 12127 | D:10     | Entered Level 10 of the Dungeon
 12284 | D:10     | Reached XP level 11. HP: 88/88 MP: 19/24
 12614 | D:10     | Reached ***** piety under Sif Muna
 12833 | D:10     | Identified Kegitz's Volume of Virous Creation (Sif Muna
                  | gifted it to you on level 10 of the Dungeon)
 12833 | D:10     | Received a gift from Sif Muna
 12900 | Lair:1   | Entered Level 1 of the Lair of Beasts
 13548 | Lair:1   | Reached skill level 5 in Dodging
 13922 | Lair:1   | Noticed a six-headed hydra
 13937 | Lair:1   | Killed a six-headed hydra
 14879 | Lair:2   | Got a shimmering dagger
 15080 | Lair:2   | Reached skill level 10 in Spellcasting
 15124 | Lair:2   | Noticed a seven-headed hydra
 15146 | Lair:2   | Killed a seven-headed hydra
 15322 | Lair:2   | Learned a level 2 spell: Blink
 15524 | Lair:2   | Reached skill level 1 in Translocations
 15524 | Lair:2   | Reached XP level 12. HP: 91/96 MP: 0/26
 16325 | Lair:3   | Noticed an eight-headed hydra
 16335 | Lair:3   | Killed an eight-headed hydra
 16408 | Lair:3   | Identified Sif Muna's Catalogue of the Helpful Snowflakes
                  | (Sif Muna gifted it to you on level 3 of the Lair of
                  | Beasts)
 16408 | Lair:3   | Received a gift from Sif Muna
 17080 | Lair:3   | Noticed a queen ant
 17088 | Lair:3   | Killed a queen ant
 17153 | Lair:3   | Noticed an eight-headed hydra
 17187 | Lair:3   | Killed an eight-headed hydra
 17971 | Lair:4   | Noticed a seven-headed hydra
 17985 | Lair:4   | Killed a seven-headed hydra
 18070 | Lair:4   | Found a staircase to the Shoals.
 18144 | Lair:4   | Found a gate leading to a gauntlet.
 18153 | Gauntlet | Entered a Gauntlet
 18153 | Gauntlet | Found a transporter.
 18160 | Gauntlet | Found a transporter.
 18163 | Gauntlet | Found a transporter.
 18171 | Gauntlet | Found a transporter.
 18173 | Gauntlet | Found a transporter.
 18181 | Gauntlet | Found a transporter.
 18196 | Gauntlet | Found a runed translucent door.
 18197 | Gauntlet | Found a transporter.
 18198 | Gauntlet | Found a runed translucent door.
 18207 | Gauntlet | Found a transporter.
 18217 | Gauntlet | Found a transporter.
 18226 | Gauntlet | Noticed a death ooze
 18231 | Gauntlet | Found a transporter.
 18240 | Gauntlet | Found a transporter.
 18240 | Gauntlet | Noticed a queen ant
 18247 | Gauntlet | Found a transporter.
 18254 | Gauntlet | Noticed a queen ant
 18298 | Gauntlet | Found a transporter.
 18312 | Gauntlet | Found a transporter.
 18513 | Lair:4   | Found a staircase to the Snake Pit.
 18808 | Lair:4   | Identified the cursed +2 battleaxe "Haosk" {venom, +Blink
                  | rC+ Dex+6} (You found it in an ossuary)
 18809 | Lair:4   | Identified the +7 dagger "Nytheu" {holy, rPois Int+3} (You
                  | found it on level 2 of the Lair of Beasts)
 19239 | Shoals:1 | Entered Level 1 of the Shoals
 19703 | Lair:5   | Identified a scroll of acquirement
 19920 | Lair:5   | Identified Sif Muna's Reference Book on Flamy Stones (Sif
                  | Muna gifted it to you on level 5 of the Lair of Beasts)
 19920 | Lair:5   | Received a gift from Sif Muna
 20482 | Lair:6   | Entered Level 6 of the Lair of Beasts
 20733 | Lair:6   | Reached XP level 13. HP: 102/102 MP: 20/29
 20966 | Lair:6   | Found a viscous altar of Jiyva.
 20966 | Lair:6   | Found a staircase to the Slime Pits.
 21841 | Lair:6   | Reached skill level 15 in Conjurations
 21898 | Lair:6   | Reached skill level 1 in Invocations
 21977 | Lair:6   | Learned a level 6 spell: Bolt of Fire
 22035 | Lair:6   | Reached skill level 1 in Fire Magic
 23010 | Lair:6   | Reached skill level 2 in Fire Magic
 23283 | Lair:6   | Reached skill level 3 in Fire Magic
 23501 | Lair:6   | Reached skill level 1 in Shields
 23861 | D:9      | Learned a level 7 spell: Orb of Destruction
 23986 | D:11     | Found a staircase to the Orcish Mines.
 24070 | D:11     | You fall through a shaft for 2 floors!
 24154 | D:12     | Identified Ellumey's Volume of Creative Envenoming (Sif
                  | Muna gifted it to you on level 12 of the Dungeon)
 24154 | D:12     | Received a gift from Sif Muna
 24252 | D:11     | Reached skill level 4 in Fire Magic
 24434 | D:11     | Found a flagged portal.
 24444 | Bailey   | Entered a bailey
 24855 | Bailey   | Found the +7 sceptre of Torment {pain, torment}
 25443 | D:11     | Reached XP level 14. HP: 93/114 MP: 30/30
 25824 | D:12     | Noticed Azrael
 25846 | D:12     | Killed Azrael
 26152 | D:12     | Reached skill level 5 in Fire Magic
 26158 | D:12     | Reached skill level 5 in Invocations
 26241 | D:12     | Got a polished flail
 26244 | D:12     | Identified the +1 flail "Orb Guardian's Bane" {crush, MR+
                  | Int-5 Dex+4 Stlth+} (You found it on level 12 of the
                  | Dungeon)
 27798 | D:13     | Found a gate to the Vaults.
 27803 | D:13     | Reached skill level 6 in Fire Magic
 28021 | D:13     | Reached skill level 7 in Fire Magic
 28951 | D:13     | Identified the +9 flail of Change {crush, Stlth+}
 29043 | D:13     | Noticed Nessos
 29047 | D:13     | Killed Nessos
 29224 | D:13     | Identified Sif Muna's Handbook of Existentialism (Sif Muna
                  | gifted it to you on level 13 of the Dungeon)
 29224 | D:13     | Received a gift from Sif Muna
 29434 | D:14     | You fall through a shaft!
 29434 | D:15     | Entered Level 15 of the Dungeon
 29695 | D:14     | Reached skill level 8 in Fire Magic
 29892 | D:14     | Found an opulent altar of Gozag.
 30610 | D:14     | Reached skill level 9 in Fire Magic
 30675 | D:15     | Found a stormy altar of Qazlal.
 30869 | D:15     | Reached XP level 15. HP: 111/121 MP: 27/31
 31061 | D:15     | Found a staircase to the Depths.
 31645 | Orc:1    | Entered Level 1 of the Orcish Mines
 32168 | Orc:2    | Entered Level 2 of the Orcish Mines
 32169 | Orc:2    | Found a staircase to the Elven Halls.
 32516 | Orc:2    | Reached skill level 10 in Fire Magic
 32551 | Orc:2    | Identified Sif Muna's Collected Works on Frigorific
                  | Ignition (Sif Muna gifted it to you on level 2 of the
                  | Orcish Mines)
 32551 | Orc:2    | Received a gift from Sif Muna
 32882 | Orc:2    | Found Oxyoral's Distillery.
 32884 | Orc:2    | Found Kosasum's General Store.
 33445 | Orc:2    | Reached skill level 11 in Fire Magic
 33680 | Orc:2    | Found Renetsyn's Book Emporium.
 33680 | Orc:2    | Found a one-way gate leading to the halls of Pandemonium.
 33680 | Orc:2    | Found Wuromol's Antique Weapon Shoppe.
 34441 | Orc:1    | Found a shimmering altar of Xom.
 34456 | Orc:1    | Identified Sif Muna's Tome of Noxious Earth (Sif Muna
                  | gifted it to you on level 1 of the Orcish Mines)
 34456 | Orc:1    | Received a gift from Sif Muna
 34921 | Orc:1    | Noticed an orc warlord
 34943 | Orc:1    | Killed an orc warlord
 35371 | Snake:1  | Entered Level 1 of the Snake Pit
 36626 | Snake:1  | Found a shimmering altar of Xom.
 36626 | Snake:1  | Noticed Akuuror's ghost (adept GrFi)
 36627 | Snake:1  | Found a runed translucent door.
 36970 | Snake:2  | Reached skill level 15 in Spellcasting
 36972 | Snake:2  | Reached XP level 16. HP: 117/128 MP: 21/35
 37473 | Snake:2  | Noticed Nikola
 37491 | Snake:2  | Killed Nikola
 38119 | Snake:2  | Identified Sif Muna's Incunabulum of the Learner (Sif Muna
                  | gifted it to you on level 2 of the Snake Pit)
 38119 | Snake:2  | Received a gift from Sif Muna
 38140 | Snake:2  | Reached skill level 12 in Fire Magic
 38483 | Snake:2  | Found Atwiz's General Store.
 38491 | Snake:2  | Bought a +1 buckler of protection for 247 gold pieces
 38935 | Snake:3  | Reached skill level 10 in Dodging
 39572 | Snake:3  | Reached skill level 10 in Fighting
 39921 | Snake:3  | Found Eleru's Jewellery Emporium.
 39922 | Snake:3  | Found Uneakept's Gadget Boutique.
 39922 | Snake:3  | Found Vori's Gadget Boutique.
 40573 | Snake:4  | Entered Level 4 of the Snake Pit
 41278 | Snake:4  | Reached skill level 13 in Fire Magic
 42022 | Snake:4  | Reached XP level 17. HP: 96/144 MP: 25/36
 42035 | Snake:4  | HP: 5/144 [nagaraja/+2 spear of flaming (6)]
 42653 | Snake:1  | Killed Akuuror's ghost
 42905 | D:6      | Bought a potion of heal wounds for 70 gold pieces
 42905 | D:6      | Bought a potion of mutation for 112 gold pieces
 42905 | D:6      | Bought a potion of heal wounds for 70 gold pieces
 42905 | D:6      | Bought a potion of magic for 112 gold pieces
 42905 | D:6      | Bought a potion of cancellation for 112 gold pieces
 43050 | Orc:2    | Bought a potion of haste for 130 gold pieces
 43343 | Snake:3  | Bought the amulet "Janwal" {RegenMP rPois MR+ Dex-2} for
                  | 596 gold pieces
 43416 | Snake:4  | Reached skill level 14 in Fire Magic
 43854 | Snake:4  | Reached skill level 15 in Fire Magic
 44388 | Snake:4  | Identified Sif Muna's Reference Book on the Unholy Oath
                  | (Sif Muna gifted it to you on level 4 of the Snake Pit)
 44388 | Snake:4  | Received a gift from Sif Muna
 45408 | Shoals:1 | Reached skill level 5 in Shields
 46362 | Shoals:1 | HP: 7/145 [poisoned by a merfolk]
 46896 | Snake:2  | Bought a scroll of fear for 52 gold pieces
 47064 | Shoals:2 | Got a pair of steaming gloves
 47068 | Shoals:2 | Identified the +1 pair of gloves of Egimig {Int+5 Dex+2}
                  | (You found it on level 2 of the Shoals)
 47136 | Shoals:2 | Found Simyhaorr's General Store.
 47597 | Shoals:2 | Learned a level 5 spell: Fireball
 47689 | Shoals:2 | Identified Roxanne's Incunabulum of Stones
 47689 | Shoals:2 | Noticed Roxanne
 47878 | Shoals:2 | Noticed Ilsuiw
 47882 | Shoals:2 | Killed Ilsuiw
 48593 | Shoals:3 | Identified Sif Muna's Papyrus of Flames (Sif Muna gifted it
                  | to you on level 3 of the Shoals)
 48593 | Shoals:3 | Received a gift from Sif Muna
 48593 | Shoals:3 | Reached XP level 18. HP: 154/154 MP: 37/37
 48651 | Shoals:2 | Learned a level 8 spell: Ignition
 48661 | Shoals:3 | Reached skill level 16 in Fire Magic
 49227 | Shoals:4 | Entered Level 4 of the Shoals
 49497 | Shoals:4 | Noticed Polyphemus
 49504 | Shoals:4 | Killed Polyphemus
 50362 | Shoals:4 | Reached skill level 17 in Fire Magic
 50519 | Shoals:4 | Got a barnacled rune of Zot
 50636 | Shoals:4 | Identified Sif Muna's Incunabulum of Attacks and
                  | Enhancements (Sif Muna gifted it to you on level 4 of the
                  | Shoals)
 50636 | Shoals:4 | Received a gift from Sif Muna
 51821 | Snake:4  | Reached skill level 18 in Fire Magic
 52031 | Snake:4  | Reached ****** piety under Sif Muna
 52542 | Snake:4  | Reached skill level 19 in Fire Magic
 52550 | Snake:4  | Got a serpentine rune of Zot
 52884 | Snake:4  | Reached XP level 19. HP: 137/163 MP: 36/39
 53488 | Vaults:1 | Entered Level 1 of the Vaults
 53610 | Vaults:1 | Found Ysmellet's Food Shop.
 53740 | Vaults:1 | Identified Sif Muna's Incunabulum of Fiery Calling (Sif
                  | Muna gifted it to you on level 1 of the Vaults)
 53740 | Vaults:1 | Received a gift from Sif Muna
 53865 | Vaults:1 | Found Vevuas's Antique Armour Shoppe.
 53872 | Vaults:1 | Bought a pair of crude boots for 247 gold pieces
 53872 | Vaults:1 | Identified the +1 pair of boots "Iklec" {rF- MR+++ Int+4
                  | Dex-4} (You bought it in a shop on level 1 of the Vaults)
 53874 | Vaults:1 | Bought a pair of runed boots for 195 gold pieces
 54118 | Vaults:1 | Found Piegaip's Food Emporium.
 54195 | Vaults:1 | Reached skill level 20 in Fire Magic
 54896 | Vaults:1 | Found Nus Ogru's Distillery.
 54902 | Vaults:1 | Bought a potion of heal wounds for 75 gold pieces
 55571 | Vaults:2 | Found Faluissieg's General Store.
 55579 | Vaults:2 | Bought a scroll of fear for 59 gold pieces
 55999 | Vaults:2 | Found Nots's Assorted Antiques.
 56305 | Vaults:2 | Learned a level 6 spell: Deflect Missiles
 56517 | Vaults:2 | Found a staircase to the Crypt.
 56525 | Vaults:2 | Reached skill level 1 in Air Magic
 56672 | Vaults:2 | Reached skill level 1 in Charms
 56866 | Vaults:2 | Found a portal to a secret trove of treasure.
 56930 | Vaults:2 | Identified Sif Muna's Compendium of Transmigration (Sif
                  | Muna gifted it to you on level 2 of the Vaults)
 56930 | Vaults:2 | Received a gift from Sif Muna
 57462 | Vaults:2 | Reached XP level 20. HP: 174/174 MP: 10/40
 58179 | Vaults:2 | You paid a toll of a +8 demon whip to enter a treasure
                  | trove
 58180 | Trove    | Entered a treasure trove
 58337 | Vaults:3 | Noticed Margery
 58455 | Vaults:3 | Killed Margery
 58518 | Vaults:3 | Noticed Jory
 58545 | Vaults:3 | Killed Jory
 58621 | Vaults:3 | Found a flickering gateway to a bazaar.
 58642 | Bazaar   | Entered a bazaar
 58642 | Bazaar   | Found Qovina's Book Shop.
 58644 | Bazaar   | Found Debref Ylips's Jewellery Emporium.
 58648 | Bazaar   | Found Buademus's Antique Armour Shoppe.
 58659 | Bazaar   | Found Elopuaru's Armour Boutique.
 58665 | Bazaar   | Found Veud's Weapon Shop.
 58724 | Bazaar   | Bought a book of Annihilations for 1214 gold pieces
 58739 | Bazaar   | Bought the +2 hat of the Bear Spirit {Spirit, +Rage rN+
                  | MR++} for 742 gold pieces
 58739 | Bazaar   | Found the +2 hat of the Bear Spirit {Spirit, +Rage rN+
                  | MR++}
 58984 | Vaults:3 | Noticed Frederick
 58992 | Vaults:3 | Killed Frederick
 59503 | Vaults:3 | Noticed Boris
 59516 | Vaults:3 | Killed Boris
 59820 | Vaults:3 | Received a gift from Sif Muna
 60401 | Vaults:4 | Reached skill level 10 in Shields
 60693 | Vaults:4 | Reached skill level 5 in Air Magic
 60920 | Vaults:4 | Identified the +6 hunting sling of the Inquisitive Coins
                  | {velocity, Fragile MR+ Dex+3}
 61180 | Vaults:4 | Reached skill level 5 in Charms
 61399 | Vaults:4 | Reached skill level 15 in Fighting
 61524 | Vaults:4 | Reached XP level 21. HP: 179/184 MP: 24/41
 62723 | Slime:1  | Entered Level 1 of the Pits of Slime
 62724 | Slime:1  | Received a gift from Sif Muna
 62729 | Slime:1  | Gained mutation: Your body sometimes deteriorates upon
                  | taking damage. [a shining eye]
 63039 | Slime:3  | Gained mutation: Your magical capacity is low. (-10% MP) [a
                  | shining eye]
 63040 | Slime:3  | Gained mutation: You tend to lose your temper in combat. [a
                  | shining eye]
 63335 | Slime:4  | Identified Sif Muna's Collected Works on Blistering
                  | Augmentations (Sif Muna gifted it to you on level 4 of the
                  | Pits of Slime)
 63335 | Slime:4  | Received a gift from Sif Muna
 63623 | Slime:5  | Entered Level 5 of the Pits of Slime
 63693 | Slime:4  | Gained mutation: You are weak. (Str -2) [a shining eye]
 63989 | Slime:5  | Noticed the Royal Jelly
 63992 | Slime:5  | Killed the Royal Jelly
 64091 | Slime:5  | Paralysed by a floating eye for 2 turns
 64353 | Slime:5  | Got a bloodstained long sword
 64356 | Slime:5  | Identified the +1 long sword "Counefu" {slice, rElec} (You
                  | found it on level 5 of the Pits of Slime)
 64361 | Slime:5  | Reached XP level 22. HP: 192/192 MP: 39/39
 64400 | Slime:5  | Got a slimy mace
 64403 | Slime:5  | Identified the +7 mace "Leviticus" {freeze, *Rage +Rage rF+
                  | MR++} (You found it on level 5 of the Pits of Slime)
 64423 | Slime:5  | Got a slimy rune of Zot
 64434 | Slime:5  | Got a twisted dagger
 64438 | Slime:5  | Identified the cursed +2 dagger "Impslayer" {venom,
                  | *Corrode rN++ Dex+2} (You found it on level 5 of the Pits
                  | of Slime)
 64754 | Elf:1    | Entered Level 1 of the Elven Halls
 64868 | Elf:1    | Received a gift from Sif Muna
 64906 | Elf:1    | Found a magical portal.
 64921 | WizLab   | Entered Lehudib's Moon Base
 65802 | WizLab   | Got a flickering silver ring
 65803 | WizLab   | Identified the ring of Renisa {MR+ AC+3 Int+4} (You found
                  | it in a wizard's laboratory)
 65976 | WizLab   | Found a transporter.
 65980 | WizLab   | Got a dazzling halberd
 65981 | WizLab   | Identified the +3 halberd of the Moon {holy, rN+ MR++ Str-4
                  | Stlth+} (You found it in a wizard's laboratory)
 66525 | WizLab   | Found a transporter.
 66772 | WizLab   | Got a wavering pewter amulet
 66774 | WizLab   | Got a sparkling lapis lazuli ring
 66782 | WizLab   | Identified the amulet "Wiunutti" {Spirit rF+++} (You found
                  | it in a wizard's laboratory)
 66784 | WizLab   | Identified the ring "Soothruo" {rElec rN+ Dex+2} (You found
                  | it in a wizard's laboratory)
 67724 | Elf:2    | Identified Sif Muna's Guide on Glacial Shape Shifting (Sif
                  | Muna gifted it to you on level 2 of the Elven Halls)
 67724 | Elf:2    | Received a gift from Sif Muna
 68115 | Elf:2    | Got a scintillating bone amulet
 68119 | Elf:2    | Identified the amulet of Jefiez {Acrobat rC- Str+7 Dex+4}
                  | (You found it on level 2 of the Elven Halls)
 68350 | Elf:2    | Found a runed translucent gate.
 68350 | Elf:2    | Found a runed translucent gate.
 68352 | Elf:2    | Found a runed translucent gate.
 68564 | Elf:3    | Entered Level 3 of the Elven Halls
 68758 | Elf:3    | Identified the Tome of Unholy Arts
 69476 | Elf:3    | Identified the +9 great sword "Jeyss" {slice, Int+2}
 69678 | Elf:3    | Reached XP level 23. HP: 199/199 MP: 22/40
 70116 | Elf:3    | Identified the cursed +2 rapier "Worm" {pierce, +Blink}
 70116 | Elf:3    | Identified the +2 shield of Kacah {rCorr Str-4 Int+2}
 70148 | Elf:3    | Identified the +3 scimitar of Rojeelew {slice, Int-4 Dex+4
                  | Stlth+}
 70162 | Elf:3    | Reached skill level 15 in Shields
 70421 | Elf:3    | Identified the +2 mace "Meint" {freeze, rPois}
 70634 | Elf:3    | Found the amulet of Vitality {Regen+ HP+15}
 70641 | Elf:3    | Identified Sif Muna's Catalogue of Ashen Battle Magic (Sif
                  | Muna gifted it to you on level 3 of the Elven Halls)
 70641 | Elf:3    | Received a gift from Sif Muna
 70726 | Elf:3    | Got a pair of shimmering boots
 70737 | Elf:3    | Identified the +2 pair of boots of Efeah {+Inv rC++ Dex-4
                  | SInv} (You found it on level 3 of the Elven Halls)
 70768 | Elf:3    | Got an ancient ruby amulet
 70770 | Elf:3    | Identified the amulet of Ommereory {Inacc Int+4} (You found
                  | it on level 3 of the Elven Halls)
 71085 | Depths:1 | Entered Level 1 of the Depths
 71098 | Depths:1 | Reached skill level 1 in Evocations
 71414 | Depths:1 | Found a runed translucent gate.
 71415 | Depths:1 | Found a runed translucent gate.
 71416 | Depths:1 | Found a runed translucent gate.
 71418 | Depths:1 | Noticed Foiny's ghost (adept TrMo)
 71544 | Depths:1 | Learned a level 9 spell: Fire Storm
 71642 | Depths:1 | Found a gateway to Hell.
 71883 | Depths:1 | Reached skill level 5 in Evocations
 72156 | Depths:1 | Noticed a caustic shrike
 72159 | Depths:1 | Killed a caustic shrike
 72363 | Depths:2 | Noticed Boris
 72488 | Depths:1 | Killed Boris
 73409 | Depths:2 | Found Oskota's Food Boutique.
 73565 | Depths:2 | Found Fem Jat's Distillery.
 73565 | Depths:2 | Found Borau's Armour Shop.
 73569 | Depths:2 | Found Viereoq's Magic Scroll Shop.
 73577 | Depths:2 | Bought 2 potions of heal wounds for 220 gold pieces
 73580 | Depths:2 | Bought a scroll of identify for 38 gold pieces
 73580 | Depths:2 | Bought a scroll of teleportation for 57 gold pieces
 73580 | Depths:2 | Bought a scroll of teleportation for 57 gold pieces
 73580 | Depths:2 | Bought a scroll of identify for 38 gold pieces
 73580 | Depths:2 | Bought a scroll of magic mapping for 66 gold pieces
 73792 | Depths:2 | Identified Sif Muna's Almanac of Displacement and Flames
                  | (Sif Muna gifted it to you on level 2 of the Depths)
 73792 | Depths:2 | Received a gift from Sif Muna
 74289 | Depths:2 | Reached skill level 21 in Fire Magic
 74502 | Depths:2 | Reached XP level 24. HP: 206/206 MP: 37/40
 74656 | Depths:2 | Reached skill level 10 in Evocations
 74938 | Vaults:1 | Bought a glowing shield for 195 gold pieces
 75290 | Depths:3 | Identified the +7 dagger "Jeptut" {drain, *Slow +Rage
                  | Str+2} (You found it on level 3 of the Depths)
 75676 | Depths:3 | Found a gateway to a ziggurat.
 75734 | Depths:3 | Received a gift from Sif Muna
 76790 | Depths:3 | Identified the amulet "Hysu" {Harm *Drain rF+ rC+} (You
                  | acquired it on level 3 of the Depths)
 76950 | Depths:3 | Noticed a juggernaut
 76956 | Depths:3 | Killed a juggernaut
 77259 | Depths:4 | Reached skill level 22 in Fire Magic
 77651 | Depths:4 | Identified the amulet of Orthodoxy {Gourm Str+2}
 78088 | Depths:4 | Identified Manuly's Papyrus of Boosting Ice (Sif Muna
                  | gifted it to you on level 4 of the Depths)
 78088 | Depths:4 | Received a gift from Sif Muna
 78241 | Depths:4 | Got a sparkling iron ring
 78285 | Depths:4 | Identified the ring of Diveq {rPois rF++ MR- Int+4} (You
                  | found it on level 4 of the Depths)
 78567 | Depths:4 | Got a crude pewter amulet
 78568 | Depths:4 | Identified the amulet of Ferchag {Acrobat rC+} (You found
                  | it on level 4 of the Depths)
 78570 | Depths:4 | Got a pitted hat
 78581 | Depths:4 | Identified the +0 hat of the Fiddle {Dex+5 Stlth+} (You
                  | found it on level 4 of the Depths)
 78592 | Depths:4 | Identified the Reference Book on the Unholy Escort
 78801 | Depths:4 | Found a one-way gate to the infinite horrors of the Abyss.
 79159 | Depths:5 | Entered Level 5 of the Depths
 79159 | Depths:5 | Found a flickering gateway to a bazaar.
 79164 | Depths:5 | Noticed Boris
 79175 | Depths:4 | Killed Boris
 79175 | Depths:4 | Reached XP level 25. HP: 200/216 MP: 5/40
 79471 | Depths:5 | Noticed Mennas
 79658 | Depths:5 | Killed Mennas
 79658 | Depths:5 | Reached skill level 23 in Fire Magic
 79673 | Bazaar   | Entered a bazaar
 79673 | Bazaar   | Found Jyddej's Antique Armour Boutique.
 79673 | Bazaar   | Found Atuorgh's Jewellery Boutique.
 79691 | Bazaar   | Found Bununem's Antique Weapon Emporium.
 79702 | Bazaar   | Found Dicwurel's General Store.
 79710 | Bazaar   | Bought a scroll of fog for 36 gold pieces
 79710 | Bazaar   | Found Ucroeg's Distillery.
 79718 | Bazaar   | Bought a potion of haste for 130 gold pieces
 79718 | Bazaar   | Bought a potion of haste for 130 gold pieces
 79718 | Bazaar   | Bought a potion of heal wounds for 65 gold pieces
 79748 | Bazaar   | Bought a potion of ambrosia for 104 gold pieces
 79748 | Bazaar   | Bought a potion of ambrosia for 104 gold pieces
 79748 | Bazaar   | Bought a potion of ambrosia for 104 gold pieces
 79748 | Bazaar   | Bought a potion of brilliance for 52 gold pieces
 79886 | Depths:5 | Found a gate to the Realm of Zot.
 80757 | Depths:5 | Learned a level 1 spell: Apportation
 81165 | Snake:3  | Bought the ring of Niucug {rCorr -Tele rC+ MR+ Int+3} for
                  | 564 gold pieces
 81498 | Depths:4 | Lost mutation: You are weak. (Str -2) [potion of mutation]
 81498 | Depths:4 | Lost mutation: Your magical capacity is low. (-10% MP)
                  | [potion of mutation]
 81498 | Depths:4 | Gained mutation: You are robust. (+10% HP) [potion of
                  | mutation]
 81498 | Depths:4 | Lost mutation: You tend to lose your temper in combat.
                  | [potion of mutation]
 81526 | Zot:1    | Entered Level 1 of the Realm of Zot
 82798 | Zot:2    | Received a gift from Sif Muna
 84086 | Zot:4    | Received a gift from Sif Muna
 84113 | Zot:4    | Reached XP level 26. HP: 255/255 MP: 10/45
 84521 | Zot:5    | Entered Level 5 of the Realm of Zot
 84521 | Zot:5    | Found a huge runed gate.
 84521 | Zot:5    | Found a huge runed gate.
 84521 | Zot:5    | Found a huge runed gate.
 84521 | Zot:5    | Found a huge runed gate.
 84521 | Zot:5    | Found a huge runed gate.
 84521 | Zot:5    | Found a huge runed gate.
 84521 | Zot:5    | Found a huge runed gate.
 84521 | Zot:5    | Found a huge runed gate.
 84623 | Zot:5    | Found a huge runed gate.
 84624 | Zot:5    | Found a huge runed gate.
 84628 | Zot:5    | Found a huge runed gate.
 84629 | Zot:5    | Found a huge runed gate.
 84629 | Zot:5    | Found a huge runed gate.
 84630 | Zot:5    | Found a huge runed gate.
 84631 | Zot:5    | Found a huge runed gate.
 84640 | Zot:5    | Found a huge runed gate.
 84640 | Zot:5    | Found a huge runed gate.
 84640 | Zot:5    | Found a huge runed gate.
 84640 | Zot:5    | Found a huge runed gate.
 84640 | Zot:5    | Found a huge runed gate.
 84640 | Zot:5    | Found a huge runed gate.
 84640 | Zot:5    | Found a huge runed gate.
 84664 | Zot:5    | Found a huge runed gate.
 84664 | Zot:5    | Found a huge runed gate.
 84664 | Zot:5    | Found a huge runed gate.
 84664 | Zot:5    | Found a huge runed gate.
 84664 | Zot:5    | Found a huge runed gate.
 84664 | Zot:5    | Found a huge runed gate.
 84883 | Zot:5    | Noticed an ancient lich
 84898 | Zot:5    | Reached skill level 24 in Fire Magic
 84901 | Zot:5    | Killed an ancient lich
 85104 | Zot:5    | Identified Sif Muna's Intricacies of Thaumaturgy (Sif Muna
                  | gifted it to you on level 5 of the Realm of Zot)
 85104 | Zot:5    | Received a gift from Sif Muna
 85268 | Zot:5    | Noticed an orb of fire
 85275 | Zot:5    | Killed an orb of fire
 85400 | Zot:5    | Noticed an orb of fire
 85403 | Zot:5    | Noticed an ancient lich
 85415 | Zot:5    | Noticed an orb of fire
 85417 | Zot:5    | Lost mutation: You are robust. (+10% HP) [an orb of fire]
 85420 | Zot:5    | Gained mutation: You are clumsy. (Dex -2) [an orb of fire]
 85421 | Zot:5    | Killed an orb of fire
 85715 | Zot:5    | Gained mutation: You have sharp toenails. [an orb of fire]
 85718 | Zot:5    | Gained mutation: Your magical capacity is low. (-10% MP)
                  | [an orb of fire]
 85721 | Zot:4    | Killed an ancient lich
 85828 | Zot:5    | Killed an orb of fire
 86113 | Zot:5    | Noticed an orb of fire
 86119 | Zot:5    | Killed an orb of fire
 86300 | Zot:5    | Identified Leoruos's Reference Book on Quantum Companions
                  | (Sif Muna gifted it to you on level 5 of the Realm of Zot)
 86300 | Zot:5    | Received a gift from Sif Muna
 86427 | Zot:5    | Noticed an orb of fire
 86429 | Zot:5    | Gained mutation: You are dopey. (Int -2) [an orb of fire]
 86447 | Zot:5    | Killed an orb of fire
 86744 | Zot:5    | Reached XP level 27. HP: 204/243 MP: 10/42
 86915 | Zot:5    | Noticed an orb of fire
 86923 | Zot:5    | Gained mutation: You are very dopey. (Int -4) [an orb of
                  | fire]
 86928 | Zot:5    | Gained mutation: Your magical capacity is very low. (-20%
                  | MP) [an orb of fire]
 86936 | Zot:5    | Killed an orb of fire
 86936 | Zot:5    | Reached skill level 25 in Fire Magic
 87426 | Zot:5    | Noticed an ancient lich
 87430 | Zot:5    | Killed an ancient lich
 87961 | Zot:5    | Lost mutation: Your body sometimes deteriorates upon taking
                  | damage. [potion of mutation]
 87961 | Zot:5    | Lost mutation: Your magical capacity is very low. (-20% MP)
                  | [potion of mutation]
 87961 | Zot:5    | Lost mutation: You are very dopey. (Int -4) [potion of
                  | mutation]
 87961 | Zot:5    | Lost mutation: You are dopey. (Int -2) [potion of mutation]
 87961 | Zot:5    | Gained mutation: Your flesh is cold resistant. (rC+)
                  | [potion of mutation]
 87961 | Zot:5    | Gained mutation: Your mind is acute. (Int +2) [potion of
                  | mutation]
 87962 | Zot:5    | Lost mutation: Your mind is acute. (Int +2) [potion of
                  | mutation]
 87962 | Zot:5    | Lost mutation: Your magical capacity is low. (-10% MP)
                  | [potion of mutation]
 87962 | Zot:5    | Lost mutation: You have sharp toenails. [potion of
                  | mutation]
 87962 | Zot:5    | Gained mutation: You have a pair of small horns on your
                  | head. [potion of mutation]
 87962 | Zot:5    | Gained mutation: You are dopey. (Int -2) [potion of
                  | mutation]
 87962 | Zot:5    | Gained mutation: You have a pair of horns on your head.
                  | [potion of mutation]
 88021 | Zot:5    | Got the Orb of Zot
 88202 | Depths:2 | Noticed Toejy the pandemonium lord
 88493 | D:1      | gg
 88494 | D:$      | Escaped with the Orb!

Skill      XL: |  1  2  3  4  5  6  7  8  9 10 11 12 13 14 15 16 17 18 19 20 21 22 23 24 25 26 27 |
---------------+----------------------------------------------------------------------------------+-----
Fighting       | 1 2 5 6 7 8 11 12 13 14 15 16 18 19 20 | 20.0
Spellcasting   | 3 4 5 7 8 9 10 12 15 16 18 20 | 20.0
Ice Magic      | 4 4 5 6 |  6.0
Conjurations   | 3 5 9 10 12 13 15 16 18 19 21 22 | 22.0
Dodging        | 4 6 7 9 10 11 12 13 | 13.0
Translocations | 1 2 |  2.0
Invocations    | 4 8 |  8.0
Fire Magic     | 4 9 11 13 15 19 20 21 22 23 24 25 | 25.8
Shields        | 2 4 6 7 9 10 11 14 15 | 15.0
Air Magic      | 2 5 6 |  6.0
Charms         | 1 5 6 |  6.0
Evocations     | 9 12 | 12.3
Stealth        | |  1.7

Action                   |  1- 3 |  4- 6 |  7- 9 | 10-12 | 13-15 | 16-18 | 19-21 | 22-24 | 25-27 || total
-------------------------+-------+-------+-------+-------+-------+-------+-------+-------+-------++-------
Melee: Unarmed           |     9 |       |       |       |       |       |       |       |       ||     9
       Tailslap          |     1 |     2 |    32 |    13 |    12 |     1 |     2 |       |     1 ||    64
       Dagger            |       |    57 |   249 |    72 |   117 |       |       |       |       ||   495
       Eveningstar       |       |       |       |       |    51 |       |       |       |       ||    51
       Staff             |       |       |       |       |    17 |     4 |    11 |     2 |     4 ||    38
Throw: Throwing net      |       |       |       |       |     1 |     2 |     3 |     1 |       ||     7
 Cast: Freeze            |    49 |    58 |    84 |    56 |     4 |     1 |       |       |       ||   252
       Throw Frost       |     1 |    18 |     3 |    10 |       |       |       |       |       ||    32
       Ozocubu's Armour  |       |     2 |     4 |     9 |     1 |     1 |     2 |       |       ||    19
       Throw Icicle      |       |       |    80 |   331 |   628 |   112 |    14 |     1 |       ||  1166
       Summon Ice Beast  |       |       |       |    22 |     2 |       |     2 |       |     1 ||    27
       Blink             |       |       |       |     1 |     1 |    13 |       |     3 |     6 ||    24
       Bolt of Fire      |       |       |       |       |   225 |   376 |   278 |   179 |    72 ||  1130
       Orb of Destructio |       |       |       |       |    10 |   161 |    98 |   366 |   214 ||   849
       Fireball          |       |       |       |       |       |    19 |       |     1 |       ||    20
       Ignition          |       |       |       |       |       |    14 |   116 |    93 |    25 ||   248
       Deflect Missiles  |       |       |       |       |       |       |     3 |     1 |     2 ||     6
       Fire Storm        |       |       |       |       |       |       |       |     3 |    43 ||    46
       Apportation       |       |       |       |       |       |       |       |       |     1 ||     1
Invok: Divine Energy     |       |       |       |     1 |       |       |       |       |       ||     1
       Channel Magic     |       |       |       |       |       |       |       |       |     1 ||     1
 Abil: Breathe Fire      |       |       |    14 |    13 |    14 |       |       |       |       ||    41
Evoke: Wand              |       |       |       |       |     4 |     2 |       |     6 |     6 ||    18
  Use: Scroll            |       |     6 |     5 |    21 |     5 |    15 |    12 |    25 |     7 ||    96
       Potion            |       |       |     1 |       |     2 |    23 |       |     1 |     5 ||    32
 Stab: Sleeping          |       |     2 |     2 |       |       |       |       |       |       ||     4
       Paralysed         |       |       |       |       |     4 |       |       |       |       ||     4
  Eat: Chunk             |     3 |    10 |    19 |    29 |    82 |    50 |    39 |    35 |    11 ||   278
       Ration            |       |       |     1 |     3 |     6 |    20 |    10 |     7 |    10 ||    57
Armor: Skin              |    10 |    26 |   140 |   100 |   128 |    94 |    66 |    55 |    82 ||   701
Dodge: Dodged            |    36 |    54 |   224 |   181 |   406 |   277 |   138 |   103 |   100 ||  1519
       Deflected         |       |       |       |       |       |       |    11 |    13 |    20 ||    44
Block: Buckler           |       |       |       |       |    69 |   121 |    65 |    43 |       ||   298
       Shield            |       |       |       |       |       |       |       |    42 |   136 ||   178
